 Dungeon Crawl Stone Soup version 0.29-a0-322-g68df515428 (webtiles) character file.

Game seed: 4644699474356117722

431 DeltaLambda the Slasher (level 6, -1/57 HPs)
             Began as a Minotaur Berserker on Apr 5, 2022.
             Was a Priest of Trog.
             Slain by a sky beast (5 damage)
             ... on level 5 of the Dungeon.
             The game lasted 00:08:01 (4375 turns).

DeltaLambda the Slasher (Minotaur Berserker)        Turns: 4375, Time: 00:08:02

Health: -1/57      AC:  6    Str: 21    XL:     6   Next: 66%
Magic:  5/5        EV: 10    Int:  4    God:    Trog [***...]
Gold:   235        SH:  0    Dex: 12    Spells: 5/5 levels left

rFire   . . .      SeeInvis .   r - +0 long sword
rCold   . . .      Faith    .   (no shield)
rNeg    . . .      Spirit   .   u - +0 scale mail
rPois   .          Reflect  .   (helmet restricted)
rElec   .          Harm     .   (no cloak)
rCorr   +          Rampage  .   (no gloves)
Will    ++...                   (no boots)
Stlth   ..........              (no amulet)
HPRegen 1.19/turn               p - ring of resist corrosion
MPRegen 0.09/turn               (no ring)

@: strong-willed, on berserk cooldown, regenerating, slowed, very slow
A: horns 2, retaliatory headbutt
a: Renounce Religion, Berserk, Trog's Hand


You were on level 5 of the Dungeon.
You worshipped Trog.
Trog was most pleased with you.
You visited 1 branch of the dungeon, and saw 5 of its levels.

You collected 235 gold pieces.

Inventory:

Hand Weapons
 i - a +0 hunting sling
 r - a +0 long sword (weapon)
Armour
 u - a +0 scale mail (worn)
Jewellery
 p - a ring of resist corrosion (left hand)
 v - a ring of fire
 w - the ring "Zigril Vibef" {*Slow rPois rCorr MP+9 Dex+4}
   (You found it on level 5 of the Dungeon)

   [ring of magical power]

   Dex:       It affects your dexterity (+4).
   rPois:     It protects you from poison.
   MP:        It affects your magic capacity (+9).
   rCorr:     It protects you from acid and corrosion.
   *Slow:     It may slow you when you take damage.
Scrolls
 a - 2 scrolls of teleportation {unknown}
 b - 2 scrolls of enchant armour {unknown}
 d - a scroll of amnesia {unknown}
 e - a scroll of enchant weapon {unknown}
 f - a scroll of torment {unknown}
 h - a scroll of brand weapon {unknown}
 j - 2 scrolls of fear {unknown}
 l - a scroll of magic mapping {unknown}
 q - a scroll of blinking {unknown}
 t - a scroll of noise {unknown}
Potions
 c - 3 potions of degeneration
 g - a potion of lignification {unknown}
 m - 3 potions of curing {unknown}
 n - a potion of flight
 o - a potion of mutation {unknown}
 s - a potion of experience {unknown}


   Skills:
 * Level 5.9 Fighting
 * Level 7.1 Long Blades
 + Level 3.0 Armour
 + Level 2.9 Dodging
 + Level 0.7 Stealth


You had 5 spell levels left.
You didn't know any spells.
Your spell library was empty.

Dungeon Overview and Level Annotations

Branches:
Dungeon (5/15)
 Temple: D:4-7

Altars:

Shops:
D:3 (


Innate Abilities, Weirdness & Mutations

You have a pair of horns on your head.
You reflexively headbutt those who attack you in melee.


Message History

You feel much better. Something hits you but does no damage.
You closely miss something. Your headbutt misses something.
Something hits you but does no damage. x2
You hit something. Your headbutt misses something.
Something hits you but does no damage. Something hits you.
Something shocks you.
Okay, then.
You miss something.
A sky beast appears from thin air!
Reactivating autopickup.
The sky beast closely misses you.
You hit the sky beast but do no damage.
The sky beast is severely wounded.
The sky beast hits you. The sky beast shocks you.
The sky beast flickers out of sight!
Deactivating autopickup; reactivate with Ctrl-A.
Something hits you.
* * * LOW HITPOINT WARNING * * *
Something shocks you.
* * * LOW HITPOINT WARNING * * *
You miss something.
A sky beast appears from thin air!
Reactivating autopickup.
The sky beast hits you but does no damage.
The sky beast misses you.
You barely miss the sky beast.
The sky beast is severely wounded.
The sky beast flickers out of sight!
Deactivating autopickup; reactivate with Ctrl-A.
Something hits you but does no damage.
You hit something but do no damage. Something hits you.
* * * LOW HITPOINT WARNING * * *
Something shocks you.
* * * LOW HITPOINT WARNING * * *
Something hits you but does no damage.
Okay, then.
Your skin crawls.
You feel strong-willed. Something hits you.
* * * LOW HITPOINT WARNING * * *
Something shocks you.
You die...

..............#
#............##
#........... .#
#......# ..#
#...#### #..# ##..#
#..## #..# #...##
#{## #...## #@.#
#...## #..# #
##....# ##..#
###.....### #...#
..........## ##...#
...........###....#
..................#
...<..............#
.......#.........##


There were no monsters in sight!

Vanquished Creatures
  A sky beast (D:5)
  An ogre (D:4)
  2 hounds (D:3)
  Robin (D:3)
  4 gnolls (D:3)
  4 adders
  A white imp (D:4)
  A worm (D:3)
  4 dart slugs
  6 orcs
  8 ball pythons
  7 bats
  13 endoplasms
  A giant cockroach (D:1)
  15 goblins
  8 hobgoblins
  A quokka (D:1)
  4 frilled lizards
  7 kobolds
  9 rats
98 creatures vanquished.

Notes
Turn   | Place    | Note
-------+----------+-------------------------------------------
     0 | D:1      | DeltaLambda the Minotaur Berserker began the quest for the
                  | Orb.
     0 | D:1      | Reached XP level 1. HP: 19/19 MP: 0/0
   167 | D:1      | Reached XP level 2. HP: 25/27 MP: 1/1
   190 | D:1      | Reached skill level 4 in Long Blades
   730 | D:1      | Reached XP level 3. HP: 34/34 MP: 2/2
   775 | D:1      | Found a faded altar of an unknown god.
  1004 | D:2      | Reached ** piety under Trog
  1728 | D:2      | Reached XP level 4. HP: 41/41 MP: 3/3
  2249 | D:3      | Reached skill level 5 in Fighting
  2249 | D:3      | Reached skill level 5 in Long Blades
  2657 | D:3      | Found Dourghukke's Weapon Shop.
  2966 | D:3      | Reached XP level 5. HP: 48/48 MP: 4/4
  3384 | D:4      | Reached *** piety under Trog
  3500 | D:4      | Noticed Robin
  3533 | D:3      | Killed Robin
  3570 | D:3      | Reached skill level 6 in Long Blades
  3749 | D:4      | Noticed an ogre
  3753 | D:4      | Killed an ogre
  3754 | D:4      | Reached XP level 6. HP: 57/57 MP: 5/5
  4260 | D:5      | Entered Level 5 of the Dungeon
  4284 | D:5      | Identified the ring "Zigril Vibef" {*Slow rPois rCorr MP+9
                  | Dex+4}
  4304 | D:5      | Noticed a sky beast
  4313 | D:5      | Killed a sky beast
  4314 | D:5      | Reached skill level 7 in Long Blades
  4343 | D:5      | Noticed a sky beast
  4375 | D:5      | Slain by a sky beast

Illustrated notes

Levels and vault maps discovered:
D:1:      elethiomel_arrival_diamonds, layout_rooms,
          shapermc_ecumenical_altar_mp_ritualfount
D:2:      layout_loops_ring
D:3:      cheibrodos_helix_gallery, layout_basic, serial_shops,
          nicolae_shop_bloodbath_and_beyond, minmay_fountain_box
D:4:      layout_cave_pools, abandoned_shop, uniq_robin
D:5:      layout_layer_cave

Skill      XL: |  1  2  3  4  5  6 |
---------------+-------------------+-----
Fighting       | 4 5 |  5.9
Long Blades    | 4 5 6 7 |  7.1
Armour         | 3 |  3.0
Dodging        | |  2.9
Stealth        | |  0.7

Action                   |  1- 3 |  4- 6 || total
-------------------------+-------+-------++-------
Melee: Falchion          |    97 |    30 ||   127
       Headbutt          |    17 |    26 ||    43
       Punch             |     1 |       ||     1
       Long sword        |       |   102 ||   102
Invok: Berserk           |       |     5 ||     5
       Trog's Hand       |       |     1 ||     1
  Use: Scroll            |       |     3 ||     3
       Potion            |       |     1 ||     1
Armor: Animal skin       |    16 |     7 ||    23
       Scale mail        |       |    43 ||    43
Dodge: Dodged            |    58 |    67 ||   125

Table legend: (Time is in decaauts)
 A = Elapsed time spent in this place.
 B = Non-inter-level travel time spent in this place.
 C = Inter-level travel time spent in this place.
 D = Time resting spent in this place.
 E = Time spent auto-exploring this place.
 F = Levels seen in this place.
 G = Mean time per level.
                   A        B        C        D        E       F      G
               +--------+--------+--------+--------+--------+-----+--------+
         Total |   4434 |   4284 |    150 |    135 |   3423 |   5 |  886.8 |
       Dungeon |   4434 |   4284 |    150 |    135 |   3423 |   5 |  886.8 |
               +--------+--------+--------+--------+--------+-----+--------+

Top non-repeatable levels by time:
     D:3: 1281 daAuts
     D:2: 1079 daAuts
     D:1: 981 daAuts
     D:4: 961 daAuts
     D:5: 129 daAuts
